 Dungeon Crawl Stone Soup version 0.28-a0-803-g74956062c1 (webtiles) character file.

Game seed: 7438822292538752746

169 Decritt the Conjurer (level 5, -7/27 (28) HPs)
             Began as a Deep Elf Conjurer on Nov 7, 2021.
             Mangled by a wight (9 damage)
             ... on level 3 of the Dungeon.
             The game lasted 00:05:57 (2412 turns).

Decritt the Conjurer (Deep Elf Conjurer)            Turns: 2412, Time: 00:05:58

HP:   -7/27 (28)    AC:  2    Str:  4    XL:     5   Next: 25%
MP:   7/14          EV: 13    Int: 24    God:
Gold: 99            SH:  0    Dex: 13    Spells: 11/14 levels left

rFire   . . .      SeeInvis .   g - +4 long sword
rCold   . . .      Faith    .   (no shield)
rNeg    . . .      Spirit   .   a - +0 robe
rPois   .          Reflect  .   (no helmet)
rElec   .          Harm     .   (no cloak)
rCorr   .          Rampage  .   (no gloves)
Will    .....                   (no boots)
Stlth   ++........              (no amulet)
HPRegen 0.09/turn               (no ring)
MPRegen 0.14/turn               (no ring)

@: weak-willed, lightly drained
A: no striking features
a: no special abilities


You were on level 3 of the Dungeon.
You visited 1 branch of the dungeon, and saw 3 of its levels.

You collected 99 gold pieces.

Inventory:

Hand Weapons
 g - a +4 long sword (weapon)
Missiles
 i - 5 boomerangs (quivered)
Armour
 a - a +0 robe (worn)
Scrolls
 r - a scroll of identify
Potions
 b - a potion of lignification
 h - a potion of curing


   Skills:
 + Level 3.6 Dodging
 - Level 2.4 Stealth
 * Level 5.2 Spellcasting
 * Level 5.7 Conjurations


You had 11 spell levels left.
You knew the following spells:

 Your Spells              Type           Power      Damage    Failure   Level
a - Magic Dart            Conj           100%       1d8       1%          1
b - Searing Ray           Conj           66%        2d6       1%          2

Your spell library contained the following spells:

 Spells                   Type           Power      Damage    Failure   Level
 Static Discharge         Conj/Air       19%        N/A       4%          2
 Dazzling Flash           Conj/Hex       38%        N/A       9%          3
 Ensorcelled Hibernation  Hex/Ice        12%        N/A       13%         2
 Frozen Ramparts          Ice            12%        1d3       26%         3
 Spider Form              Tmut/Pois      6%         N/A       26%         3
 Fulminant Prism          Conj/Hex       9%         3d7       26%         4
 Iskenderun's Mystic Bla  Conj/Tloc      19%        2d6       26%         4
 Lightning Bolt           Conj/Air       9%         1d22      58%         5
 Ice Form                 Ice/Tmut       6%         N/A       65%         4
 Summon Ice Beast         Ice/Summ       6%         N/A       65%         4
 Maxwell's Capacitive Co  Air            3%         ∞         100%        8


Dungeon Overview and Level Annotations

Branches:
Dungeon (3/15)

Altars:


Message History

Aiming: Magic Dart (safe; 1% risk of failure)
Press: ? - help, Shift-Dir - straight line, f - wight
Aim: a wight, wielding a +0 great sword and wearing a +0 robe (100% to hit)
The magic dart hits the wight but does no damage.
Casting: Magic Dart (safe; 1% risk of failure)
Confirm with . or Enter, or press ? or * to list all spells.
Aiming: Magic Dart (safe; 1% risk of failure)
Press: ? - help, Shift-Dir - straight line, f/p - wight
Aim: a wight, wielding a +0 great sword and wearing a +0 robe (100% to hit)
The magic dart hits the wight but does no damage.
Casting: Magic Dart (safe; 1% risk of failure)
Confirm with . or Enter, or press ? or * to list all spells.
Aiming: Searing Ray (safe; 1% risk of failure)
Press: ? - help, Shift-Dir - straight line, f/p - wight
Aim: a wight, wielding a +0 great sword and wearing a +0 robe (81% to hit)
The searing ray hits the wight.
The wight is lightly damaged. (Press . to maintain the ray.)
The searing ray hits the wight.
The wight is moderately damaged.
The searing ray hits the wight.
The wight is heavily damaged.
The wight barely misses you.
You barely miss the wight.
The wight is heavily damaged.
The wight hits you with a +0 great sword! x2
Ouch! That really hurt!
* * * LOW HITPOINT WARNING * * *
You feel drained.
* * * LOW HITPOINT WARNING * * *
Casting: Searing Ray (safe; 1% risk of failure)
Confirm with . or Enter, or press ? or * to list all spells.
Aiming: Searing Ray (safe; 1% risk of failure)
Press: ? - help, Shift-Dir - straight line, f/p - wight
Aim: a wight, wielding a +0 great sword and wearing a +0 robe (heavily damaged, 81% to hit)
The searing ray hits the wight.
The wight is severely damaged. (Press . to maintain the ray.)
The wight hits you with a +0 great sword!
You die...

,* **,,,,,** ####.# ,*
**,,,** #.# ,* **+** #.#
,* *,* #.# ,* *,* #>#
,*******##,** #.#
,*,,,,,,....** ### #.#
,,,,,,**.....####.## #.#
**,**,,,......zz@..####.#
*,*****#..####.......w.#
*,******,,* ##...######
*,,,,,,,,,* ##.##
*********,* ### *,* ****
*,* ,,,* *,* ,*,* *,*


You could see a worm and 2 wights.

Vanquished Creatures
  An ogre (D:2)
  An adder (D:2)
  2 worms (D:2)
  2 dart slugs (D:1)
  8 ball pythons
  5 endoplasms (D:1)
  4 giant cockroaches
  7 goblins
  6 hobgoblins
  3 jackals (D:1)
  2 kobolds
  A quokka (D:1)
  4 bats
  4 frilled lizards
  6 rats
56 creatures vanquished.

Notes
Turn   | Place    | Note
-------+----------+-------------------------------------------
     0 | D:1      | Decritt the Deep Elf Conjurer began the quest for the Orb.
     0 | D:1      | Reached XP level 1. HP: 10/10 MP: 6/6
   241 | D:1      | Reached XP level 2. HP: 15/15 MP: 6/8
   244 | D:1      | Learned a level 2 spell: Searing Ray
   547 | D:1      | Found a faded altar of an unknown god.
   633 | D:1      | Reached XP level 3. HP: 19/19 MP: 6/10
  1364 | D:2      | Reached skill level 5 in Conjurations
  1718 | D:2      | Noticed an ogre
  1725 | D:2      | Killed an ogre
  1726 | D:2      | Reached skill level 5 in Spellcasting
  1726 | D:2      | Reached XP level 4. HP: 24/24 MP: 3/13
  1726 | D:2      | Reached XP level 5. HP: 28/28 MP: 3/14
  2412 | D:3      | Mangled by a wight

Illustrated notes

Levels and vault maps discovered:
D:1:      saegor_arrival_simple_e, layout_loops_ring,
          hellmonk_ecumenical_altar_arch_garden
D:2:      layout_loops_ring
D:3:      layout_loops_corners, general_overflow_altar, gup_sewer_entry_glass,
          amcnicky_mini_pool_small, kennysheep_generic_room_2

Skill      XL: |  1  2  3 |
---------------+----------+-----
Dodging        | 3 |  3.6
Spellcasting   | 5 |  5.2
Conjurations   | 5 |  5.7
Stealth        | |  2.4

Action                   |  1- 3 |  4- 6 || total
-------------------------+-------+-------++-------
Melee: Long sword        |       |     1 ||     1
 Cast: Magic Dart        |    75 |    21 ||    96
       Searing Ray       |     6 |     2 ||     8
  Use: Scroll            |       |     6 ||     6
Armor: Robe              |     2 |       ||     2
Dodge: Dodged            |     9 |     1 ||    10

Table legend: (Time is in decaauts)
 A = Elapsed time spent in this place.
 B = Non-inter-level travel time spent in this place.
 C = Inter-level travel time spent in this place.
 D = Time resting spent in this place.
 E = Time spent auto-exploring this place.
 F = Levels seen in this place.
 G = Mean time per level.
                   A        B        C        D        E       F      G
               +--------+--------+--------+--------+--------+-----+--------+
         Total |   2411 |   2347 |     64 |     22 |   2049 |   3 |  803.7 |
       Dungeon |   2411 |   2347 |     64 |     22 |   2049 |   3 |  803.7 |
               +--------+--------+--------+--------+--------+-----+--------+

Top non-repeatable levels by time:
     D:1: 1345 daAuts
     D:2: 1005 daAuts
     D:3: 60 daAuts
